AoeStats
← 小老海龜

Arabia

508897963Analyzed
1v1 RM · 9d ago on Sep 24, 2026· 40m 59s· 2 players
Game mode
Random Map
Map size
Tiny (2 player)
Population
200
Speed
Normal
Resources
Standard
Victory
Conquest
Starting age
Dark Age
Ending age
Imperial Age
RankedLock teamsTeams togetherTeam positionsShared explorationLock speedFull tech treeHidden civsTurbo modeCheats
Victory
Defeat
🇨🇳 Varangians · China
1426
+14
🇹🇼 Wei · Taiwan
1376
-14
Kirisame Marisa
5:43 Loom
8:24 Feudal Age
9:46 Double-Bit Axe
14:11 Bloodlines
14:22 Horse Collar
16:46 Wheelbarrow
20:33 Castle Age
19:08 Forging
20:42 Scale Barding Armor
20:59 Gold Mining
20:34 Light Cavalry
21:26 Husbandry
26:01 Bow Saw
30:00 Hand Cart
29:30 Town Watch
32:33 Elite Skirmisher
33:06 Fletching
34:01 Bodkin Arrow
34:07 Padded Archer Armor
34:54 Ballistics
38:18 Imperial Age
36:09 Leather Archer Armor
36:59 Vendel Legacy
39:07 Chain Barding Armor
39:00 Bracer
40:03 Chemistry
40:30 Ring Archer Armor
39:39 Capped Ram
40:42 Chain Barding Armor
41:06 Conscription
41:28 Iron Casting
40:14 Cavalier
40:15 Hussar
41:11 Stone Mining
42:23 Two-Man Saw
小老海龜
6:48 Loom
9:15 Feudal Age
10:01 Double-Bit Axe
10:01 Horse Collar
16:52 Gold Mining
20:48 Castle Age
19:58 Fletching
20:22 Bloodlines
21:35 Bodkin Arrow
21:57 Bow Saw
23:37 Husbandry
24:45 Wheelbarrow
26:53 Ballistics
27:03 Heavy Plow
28:14 Padded Archer Armor
28:11 Town Watch
30:19 Stone Mining
31:40 Scale Barding Armor
32:58 Hand Cart
35:55 Chain Barding Armor
40:43 Imperial Age
40:29 Thumb Ring
41:29 Bracer
Connection lost

Rejoining the realm…

Still unreachable

The connection could not be restored.

Session expired

The server has moved on; the page needs a fresh start.